[Event "*** Titled Tuesday Blitz"]
[Site "Chess.com"]
[Date "2020.11.10"]
[Round "11"]
[White "Fy_Rakotomaharo"]
[Black "maxip32"]
[Result "1-0"]
[WhiteElo "2633"]
[BlackElo "2446"]
[TimeControl "180+1"]
[EndTime "12:14:01 PST"]
[Termination "Fy_Rakotomaharo won on time"]

1. d4 g6 2. e4 Bg7 3. c4 d6 4.
Nc3 Nf6 5. h3 O-O 6. Be3 Na6 7.
Nf3 e5 8. dxe5 dxe5 9. Be2 c6 10. O-O Qe7 11. a3 Nh5 12. Qc2 Nf4 13. Rfd1 Nxe2+ 14. Qxe2 Be6 15. Ng5 Bd7 16. b4 Rfd8 17. Rd2 h6 18.
Nf3 Be6 19. Rad1 Rxd2 20. Rxd2 f5 21. Rd1 Qf7 22. c5 Bc4 23. Qe1 Qe7 24. Rd6 Kh7 25.
exf5 gxf5 26. Qd1 Be6 27. Bc1 Nc7 28. Bb2 Nd5 29. Nxd5 Bxd5 30. Qe2 e4 31. Bxg7 Qxg7 32. Nh4 Qg5 33. g3 Qc1+ 34. Kh2 e3 35. Rxd5 cxd5 36.
fxe3 Qb1 37. Qf2 Rf8 38. g4 f4 39. exf4 Qe4 40. f5 d4 41. Ng6 Rd8 42. Nf4 d3 43.
Ne6 d2 44. Nxd8 d1=Q 45. Ne6 Qdh1+ 46. Kg3 Qe5+ 47. Kh4 Qhe1 48. Qxe1 Qxe1+ 49. Kh5 Qg3 50. h4 Qe5 51. Nf8+ Kg7 52. Ng6 Qe8 53. g5 hxg5 54.
hxg5 Qe2+ 55. Kh4 Qe4+ 56. Kh5 Qxf5 57. Nh4 Qh3 58. g6 Qg3 59. Nf5+ 1-0

[Event "*** Titled Tuesday Blitz"]
[Site "Chess.com"]
[Date "2020.11.10"]
[Round "11"]
[White "DrVelja"]
[Black "DenisQ"]
[Result "0-1"]
[WhiteElo "2760"]
[BlackElo "2667"]
[TimeControl "180+1"]
[EndTime "12:14:05 PST"]
[Termination "DenisQ won by resignation"]

1. e4 c6 2. Nc3 d5 3. Nf3 Bg4 4. h3 Bh5 5. exd5 cxd5 6. g4 Bg6 7. Ne5 Nc6 8. d4 e6 9. h4 f6 10. Nxc6 bxc6 11. h5 Bf7 12. Bg2 Bd6 13. O-O Ne7 14.
f4 c5 15. Nb5 cxd4 16. Nxd6+ Qxd6 17. Qxd4 h6 18. c4 Qb6 19. c5 Qc7 20. b4 O-O 21. Be3 Nc6 22. Qd2 Rab8 23. Rab1 a6 24. a4 d4 25. Bf2 e5 26. b5 axb5 27. axb5 Na5 28. b6 Qxc5 29. fxe5 fxe5 30. b7 Nc4 31.
Qe2 Bd5 32. Rfc1 Bxg2 33. Qxc4+ Qxc4 34. Rxc4 Rxb7 35. Re1 Bf3 36. Rxe5 Rb1+ 37. Re1 Rxe1+ 38. Bxe1 Bxg4 39. Rxd4 Bxh5 40. Bc3 Rf7 41. Kg2 Kh7 42.
Kg3 g5 43. Rc4 Be2 44. Rc8 Kg6 45. Rc6+ Kh5 46. Bd2 Bd3 47. Bc1 Be4 48. Rc4 Rf3+ 49. Kh2 Bd5 50. Rc5 Rf5 51. Kg3 Rf3+ 52. Kh2 Rd3 53. Rc7 Kg4 54. Kg1 h5 55. Kf2 Rf3+ 56. Ke2 h4 57. Rg7 Rf5 58. Ba3 h3 59. Bd6 Bc4+ 60.
Ke3 Bd5 61. Rh7 Rf6 62. Be5 Re6 63. Kd4 Bf3 64. Rg7 Rxe5 65. Kxe5 h2 0-1

[Event "*** Titled Tuesday Blitz"]
[Site "Chess.com"]
[Date "2020.11.10"]
[Round "11"]
[White "Chessdreamer2020"]
[Black "alexrustemov"]
[Result "0-1"]
[WhiteElo "2514"]
[BlackElo "2702"]
[TimeControl "180+1"]
[EndTime "12:14:05 PST"]
[Termination "alexrustemov won by checkmate"]

1. e4 e6 2. d4 d5 3. Bd2 dxe4 4. Nc3 Nf6 5. Bg5 Bb4 6. Ne2 h6 7. Bh4 b6 8. a3 Bxc3+ 9. Nxc3 Bb7 10. Bb5+ Nbd7 11.
Qe2 a6 12. Ba4 b5 13. Bb3 O-O 14. g4 e3 15. Rg1 exf2+ 16. Qxf2 g5 17. Bg3 Nxg4 18.
Qe2 Ngf6 19. O-O-O Nd5 20. Ne4 f5 21. Nc5 Nxc5 22.
dxc5 Qf6 23. Be5 Qg6 24. Bd4 Kh7 25. Rde1 Rae8 26. Qe5 f4 27. c3 Rf5 28. Qe2 e5 29. Bc2 Nf6 30. Bxe5 f3 31. Qd2 f2 32. Qxf2 Rxf2 33. Bxg6+ Kxg6 34. Bxc7 Ree2 35. Rxe2 Rxe2 36.
Bd6 Ne4 37. Bf8 h5 38. h3 Bc8 39. Be7 Bxh3 40. Rd1 Bf5 41. c6 g4 42. c7 Nf6 43.
Bxf6 Kxf6 44. Rd8 Kg5 45. Rg8+ Kh4 46. Rf8 Re7 47. Rxf5 Rxc7 48. Kd2 Re7 49. Rf6 g3 50.
Rxa6 Kg5 51. Rb6 h4 52. Rxb5+ Kg4 53. Rb8 h3 54. Rg8+ Kf3 55. Rf8+ Kg2 56. c4 h2 57. Rh8 h1=Q 58. Rxh1 Kxh1 59. c5 g2 60. b4 g1=Q 61.
Kc3 Qg4 62. c6 Re3+ 63. Kb2 Qd4+ 64. Kc2 Qc3+ 65. Kb1 Re1+ 66. Ka2 Ra1# 0-1

[Event "*** Titled Tuesday Blitz"]
[Site "Chess.com"]
[Date "2020.11.10"]
[Round "11"]
[White "Chamal_Gedgafov"]
[Black "Margarita2907"]
[Result "0-1"]
[WhiteElo "2136"]
[BlackElo "2215"]
[TimeControl "180+1"]
[EndTime "12:14:09 PST"]
[Termination "Margarita2907 won by checkmate"]

1. d4 d5 2. c4 e6 3. Nc3 Nf6 4. cxd5 exd5 5. Bg5 Be7 6. e3 c6 7. Bd3 O-O 8. Qc2 Nbd7 9. Nf3 h6 10. Bh4 Re8 11.
O-O Ne4 12. Bg3 Nxg3 13. hxg3 Nf6 14. Ne5 Bd6 15. f4 Bxe5 16. fxe5 Ng4 17. Qe2 Qg5 18. Rf4 Qh5 19. Rxg4 Bxg4 20. Qf2 Be6 21. Ne2 Qg5 22. Nf4 Qe7 23. Rc1 Rac8 24. Bb1 g6 25. Qd2 Red8 26.
Kf2 Kg7 27. Rh1 Rh8 28. Qd3 Bf5 29. Qb3 Bxb1 30. Rxb1 h5 31. a4 b6 32. a5 bxa5 33. Qc3 Qb4 34. Qc2 a4 35. e6 Qe7 36. Qxa4 fxe6 37. Kg1 Rhf8 38. Nd3 Rc7 39. Rc1 Qf6 40. Qa5 Rcf7 41. Ne5 Qf2+ 42. Kh2 Qxe3 43. Nxf7 Qxc1 44. Ne5 Qg5 45. Qc7+ Kg8 46. Qd7 Qf6 47. Qxc6 h4 48.
Nd7 hxg3+ 49. Kh3 Qf5+ 50. Kxg3 Qf4+ 51. Kh3 Qe3+ 52. Kh2 Qh6+ 53. Kg1 Rf7 54. Ne5 Qe3+ 55. Kh2 Rh7# 0-1

[Event "*** Titled Tuesday Blitz"]
[Site "Chess.com"]
[Date "2020.11.10"]
[Round "11"]
[White "Loy_Konstantin"]
[Black "swisspower96"]
[Result "0-1"]
[WhiteElo "2394"]
[BlackElo "2551"]
[TimeControl "180+1"]
[EndTime "12:14:12 PST"]
[Termination "swisspower96 won on time"]

1. e4 g6 2. d4 Bg7 3. Nc3 d6 4. f4 c6 5. Nf3 b5 6. Bd3 b4 7. Ne2 Nd7 8. O-O Ngf6 9. f5 gxf5 10. exf5 a5 11. Nf4 Ba6 12. Bxa6 Rxa6 13. Qd3 Ra8 14.
Bd2 Nb6 15. Rae1 Nbd5 16. Nxd5 cxd5 17. Kh1 Qd7 18. Bg5 Ne4 19. Bh4 Qc6 20. Ng5 Nf6 21. Re2 Ra7 22. Qg3 Kf8 23. Qd3 h6 24. Nf3 Rg8 25.
Rfe1 Ne4 26. Nd2 Bf6 27. Bxf6 Nxf6 28. Qh3 h5 29. Qd3 Rg4 30. h3 Rg7 31. Rc1 Qa6 32. Qf3 Rc7 33. c3 h4 34. Ree1 Qc8 35. Nb3 Ne4 36. cxb4 axb4 37. Rxc7 Qxc7 38. Rc1 Qd7 39. Kh2 Kg8 40. Rc2 Rg5 41. Nd2 Qxf5 42. Qxf5 Rxf5 43. Nxe4 dxe4 44. Re2 d5 45. Kg1 Kg7 46. a4 bxa3 47. bxa3 Rf6 48. Ra2 Ra6 49. a4 Kf6 50. a5 e5 51. Kf2 exd4 52. Ke2 Ke5 53. Kd2 f5 54.
Ke2 d3+ 55. Ke3 f4+ 56. Kd2 d4 57. Ke1 e3 58. Kd1 Ke4 59. Ke1 f3 60. gxf3+ Kxf3 61. Kf1 d2 62. Ra1 d3 63. Kg1 e2 64. Kh2 Ke3 65.
Rg1 e1=Q 66. Rxe1+ dxe1=Q 0-1

[Event "*** Titled Tuesday Blitz"]
[Site "Chess.com"]
[Date "2020.11.10"]
[Round "11"]
[White "ViktoriyaTarasova"]
[Black "SergeyShtyka"]
[Result "1/2-1/2"]
[WhiteElo "2259"]
[BlackElo "2344"]
[TimeControl "180+1"]
[EndTime "12:14:13 PST"]
[Termination "Game drawn - insufficient material"]

1. d4 c5 2. d5 e5 3. Nc3 d6 4. e4 Be7 5. Bb5+ Bd7 6. a4 a6 7. Bd3 Bg5 8. Nf3 Bxc1 9. Rxc1 Bg4 10. h3 Bxf3 11. Qxf3 Nf6 12. O-O O-O 13. Ne2 Nbd7 14. Ng3 g6 15. Qe2 Kg7 16. b3 Rb8 17. c4 Ne8 18.
Qd2 f6 19. Ne2 Qe7 20. g3 Rf7 21. f4 exf4 22. gxf4 Nc7 23. Ng3 b5 24. axb5 axb5 25. Kh1 bxc4 26. bxc4 Rb4 27. Rg1 Kh8 28. Rb1 Na6 29. Qa2 Rxb1 30. Qxb1 Nb4 31. Be2 Rf8 32. Bg4 Nb6 33. Qb3 Qa7 34. e5 fxe5 35. fxe5 dxe5 36. Qc3 Qg7 37. Re1 e4 38. Qxg7+ Kxg7 39. Rxe4 h5 40.
Be2 Nc2 41. Re6 Nd7 42. Bd3 Nd4 43. Rxg6+ Kf7 44. Nxh5 Ne5 45. Rg7+ Ke8 46. Bg6+ Kd8 47. Be4 Nxc4 48. Kg2 Nd6 49. Bh7 c4 50. Rg4 Ne2 51. Ng7 Rf7 52. Ne6+ Ke7 53. Nc5 c3 54. Kh2 Nf5 55.
Re4+ Kd6 56. Rxe2 Kxc5 57. Bxf5 Rxf5 58. d6 Kxd6 59. Kg3 Kc5 60. Kg4 Rf8 61. h4 Kd4 62.
Kg5 Kd3 63. Rh2 c2 64. Rxc2 Kxc2 65. h5 Kd3 66. Kg6 Ke4 67. h6 Ke5 68. Kg7 Ra8 69. h7 Kf5 70. h8=Q Rxh8 71. Kxh8 1/2-1/2

[Event "*** Titled Tuesday Blitz"]
[Site "Chess.com"]
[Date "2020.11.10"]
[Round "11"]
[White "Mazetovic"]
[Black "Chopper1905"]
[Result "0-1"]
[WhiteElo "2764"]
[BlackElo "2940"]
[TimeControl "180+1"]
[EndTime "12:14:16 PST"]
[Termination "Chopper1905 won by resignation"]

1. e4 c6 2. d4 d5 3. e5 Bf5 4. Nf3 e6 5. Be2 Ne7 6. c3 Nd7 7. a4 h6 8. a5 a6 9. b4 Bh7 10. Bf4 Ng6 11. Bg3 Be7 12. O-O O-O 13. Bd3 f5 14.
exf6 Bxf6 15. Re1 Re8 16. Nbd2 Ngf8 17. Bxh7+ Nxh7 18. Nb3 Qe7 19. Qd3 Ng5 20. Nxg5 Bxg5 21. Re2 Qf7 22. Rae1 Rad8 23. Bc7 Rc8 24. Bd6 Rcd8 25. g3 Nf6 26. Be5 Nd7 27. Nc5 Nxc5 28.
bxc5 Rd7 29. f4 Bd8 30. Bd6 g6 31. g4 Kh7 32. Kh1 Bh4 33. Rf1 Be7 34. Be5 Bf6 35. Kg2 Rf8 36. Kg3 Bxe5 37. Rxe5 Re7 38. h4 Kg7 39.
Qe3 Rg8 40. Re1 Rge8 41. h5 gxh5 42. Rxh5 Qg6 43. Reh1 Rg8 44. f5 Qe8 45. Rxh6 exf5 46. Qg5+ Kf8 47. Rf6+ Rf7 48. Qh6+ Rg7 49. Rxf7+ Qxf7 50. Qd6+ Qe7 51. Rh8+ Kf7 52. Qxe7+ Kxe7 53. Kf4 fxg4 54. Kg3 Kf6 55. Rf8+ Kg5 56. Re8 Kf5 57. Re5+ Kf6 58. Re3 Rg8 59. Re5 Rg5 60. Re8 Rg7 61. Re5 Rh7 62. Kxg4 Rh1 63. Rf5+ Ke6 64. Re5+ Kd7 65.
Re3 Ra1 66. Kf5 Rxa5 67. Rh3 Ra3 68. Ke5 Kc7 69. Rh7+ Kb8 70. Rh3 a5 71. Kd6 a4 72.
Rg3 Rb3 73. Rg8+ Ka7 74. Kc7 a3 75. Rg2 Rxc3 0-1

[Event "*** Titled Tuesday Blitz"]
[Site "Chess.com"]
[Date "2020.11.10"]
[Round "11"]
[White "elohunter1999"]
[Black "PavelShkapenko"]
[Result "0-1"]
[WhiteElo "2555"]
[BlackElo "2679"]
[TimeControl "180+1"]
[EndTime "12:14:16 PST"]
[Termination "PavelShkapenko won by resignation"]

1. e4 e5 2. Nf3 Nc6 3. Bc4 Bc5 4. c3 Nf6 5. d3 a6 6. O-O Ba7 7. a4 O-O 8. Re1 d6 9. h3 Be6 10. Nbd2 Qd7 11. b4 Ne7 12. Bxe6 fxe6 13. Nf1 Ng6 14.
Be3 Bxe3 15. Rxe3 h6 16. Ng3 Nf4 17. d4 exd4 18. cxd4 Qf7 19. Rc1 Rac8 20. b5 axb5 21. axb5 N6h5 22. Kh2 Qg6 23. Qb3 Rf7 24. b6 c6 25. Qa3 Rd8 26. Qa5 Nxg3 27. fxg3 Nh5 28.
Nh4 Qg5 29. Qxg5 hxg5 30. Nf3 g4 31. hxg4 Nf6 32. Kh3 g6 33. g5 Nd7 34. Rb1 Ra8 35. Kg4 Ra6 36. Nh4 Kg7 37. Rf3 Rxb6 38. Rxf7+ Kxf7 39. Ra1 Rb4 40. Nf3 c5 41. dxc5 Rxe4+ 42. Kh3 Nxc5 43.
Rd1 d5 44. Rc1 b6 45. Rb1 Nd7 46. Ra1 Ke7 47. Ra7 d4 48. g4 d3 49. Kg3 Re2 50.
Ra3 Nc5 51. Ra1 e5 52. Kh2 e4 53. Nd4 Rb2 54. Kg3 e3 55. Re1 e2 56. Kf2 Rd2 57. Nf3 Rd1 58. Ke3 Ke6 59. g3 b5 60.
Nd4+ Kd5 61. Nf3 Rxe1 62. Nxe1 Kc4 63. Kd2 Nb3+ 64. Ke3 d2 65. Kxe2 dxe1=Q+ 66. Kxe1 Kd3 0-1

[Event "*** Titled Tuesday Blitz"]
[Site "Chess.com"]
[Date "2020.11.10"]
[Round "11"]
[White "MoreChessJulia"]
[Black "novocane"]
[Result "0-1"]
[WhiteElo "2101"]
[BlackElo "2290"]
[TimeControl "180+1"]
[EndTime "12:14:17 PST"]
[Termination "novocane won by resignation"]

1. d4 Nf6 2. c4 e6 3. Nf3 b6 4. g3 Ba6 5. Qc2 c5 6. Bg2 Bb7 7. O-O cxd4 8. Nxd4 Bxg2 9. Kxg2 Qc7 10. Nb5 Qb7+ 11.
f3 a6 12. N5c3 d6 13. Be3 Be7 14. Nd2 Nbd7 15. Rfd1 O-O 16. Nde4 Rac8 17. Qd3 Ne5 18. Qd4 Nxc4 19. Bg1 d5 20. b3 dxe4 21. bxc4 exf3+ 22. exf3 Bc5 23. Qh4 Bxg1 24. Rxg1 Qc6 25. Rgc1 Qxc4 26. Ne4 Qe2+ 27. Nf2 h6 28. Qd4 b5 29. Qb6 Nd5 30.
Qxa6 Rxc1 31. Rxc1 Ne3+ 32. Kg1 Qxf3 33. Qc6 Qxc6 34.
Rxc6 Ra8 35. Rc3 Nd5 36. Rc2 b4 37. Rb2 g6 38. Nd3 Kg7 39. Nxb4 Nxb4 40. Rxb4 Rxa2 41. Rb7 Rd2 42. h4 h5 43. Rb3 Kf6 44. Rf3+ Ke7 45.
Rb3 e5 46. Rb7+ Ke6 47. Rb6+ Kf5 48. Rb4 f6 49. Ra4 e4 50. Kf1 Rd3 51. Kf2 Rf3+ 52. Kg2 Ke5 53. Rb4 Rd3 54. Kf2 Rd2+ 55. Ke3 Rd3+ 56.
Kf2 f5 57. Rb6 Rd6 58. Rb4 Ke6 59. Ra4 Ke5 60. Rb4 Rd2+ 61. Ke3 Rd3+ 62. Kf2 Rd5 63.
Rb6 f4 64. Rxg6 fxg3+ 65. Rxg3 Kf4 66. Ra3 Rd2+ 67. Ke1 Rb2 68. Rc3 e3 69. Kf1 Kf3 70. Kg1 Rb1+ 71. Kh2 Kf2 0-1

[Event "*** Titled Tuesday Blitz"]
[Site "Chess.com"]
[Date "2020.11.10"]
[Round "11"]
[White "ErikRonka"]
[Black "szachuspl"]
[Result "1-0"]
[WhiteElo "2407"]
[BlackElo "2505"]
[TimeControl "180+1"]
[EndTime "12:14:18 PST"]
[Termination "ErikRonka won by resignation"]

1. e4 a6 2. Qh5 Nf6 3. Qf3 e5 4. Bc4 b5 5. Bb3 Bb7 6. d3 Be7 7. Bg5 O-O 8. Nc3 Nc6 9. Nge2 Na5 10. O-O Nxb3 11. axb3 d6 12. d4 h6 13. Bh4 Nd7 14. Bxe7 Qxe7 15. dxe5 dxe5 16. Ng3 g6 17. Rfd1 Nf6 18. Nf1 Rad8 19. Ne3 c6 20. Rxd8 Rxd8 21. Rd1 Rxd1+ 22. Nexd1 Kg7 23. Qe3 c5 24. f3 Bc6 25.
Nf2 b4 26. Ncd1 Nd7 27. Nd3 Bb5 28. Nc1 Qd6 29. Nf2 h5 30. Ncd3 a5 31. g3 c4 32.
bxc4 Bxc4 33. f4 a4 34. b3 Bxd3 35. Nxd3 a3 36. Qa7 h4 37. Qa5 h3 38. Qxb4 Qc6 39. Qxa3 Qxe4 40. Kf1 Qh1+ 41. Ke2 Qxh2+ 42. Nf2 Qxg3 43.
Qd6 h2 44. Qxd7 Qxf4 45. Qd3 Qxf2+ 46. Kxf2 h1=Q 47. Qe3 Qh2+ 48. Ke1 f5 49. b4 e4 50.
b5 Qxc2 51. b6 Qb1+ 52. Kf2 Kf6 53. Qd4+ Kg5 54. Qe3+ Kh5 55. Qc5 Qb2+ 56. Kf1 Qb3 57. Kf2 Qf3+ 58. Ke1 e3 59. Qc2 Qh1+ 60. Ke2 f4 61.
Kd3 Qd5+ 62. Ke2 g5 63. Qh7+ Kg4 64. Qc2 Qb5+ 65. Qd3 Qb2+ 66. Ke1 Qxb6 67. Kd1 Qe6 68. Qe2+ Kf5 69. Qd3+ Qe4 70. Qd7+ Kg6 71. Qd6+ Kh5 72. Qd7 f3 73. Qh7+ Kg4 74. Qxe4+ Kg3 75. Qxe3 Kg2 76. Ke1 g4 77. Qf2+ Kh3 78. Kf1 g3 79. Qxf3 Kh4 80. Kg2 Kg5 81. Qxg3+ 1-0

[Event "*** Titled Tuesday Blitz"]
[Site "Chess.com"]
[Date "2020.11.10"]
[Round "11"]
[White "Andrii_Prydun"]
[Black "Mr_Heisenberg13"]
[Result "0-1"]
[WhiteElo "2370"]
[BlackElo "2491"]
[TimeControl "180+1"]
[EndTime "12:14:19 PST"]
[Termination "Mr_Heisenberg13 won by resignation"]

1. d4 Nf6 2. Nc3 d5 3. Bf4 c5 4. e3 cxd4 5. exd4 a6 6. Nf3 Nc6 7. Be2 Bg4 8. O-O Bxf3 9. Bxf3 e6 10. Re1 Be7 11. Ne2 O-O 12. c3 Bd6 13. Bg5 Be7 14.
Qd3 b5 15. Ng3 Rb8 16. Re2 h6 17. Bf4 Bd6 18. Be3 Na5 19. Rae1 Nc4 20. Bc1 b4 21. b3 Na5 22. c4 dxc4 23. bxc4 Rc8 24. Rc2 Be7 25. Rd1 Nc6 26. Bb2 Qd7 27. d5 exd5 28.
cxd5 Nb8 29. Nf5 Rxc2 30. Qxc2 Re8 31. d6 Bd8 32. g4 Qe6 33. Qd2 Nbd7 34. Qd4 Qxa2 35. Bc6 Ne5 36. Ne7+ Bxe7 37. Qxe5 Bxd6 38. Qxd6 Re6 39. Qb8+ Kh7 40. Bxf6 Rxf6 41. Be4+ g6 42. Qg3 b3 43. Rb1 Re6 44. Qd3 a5 45. h4 Rf6 46.
f3 a4 47. h5 Qa3 48. hxg6+ fxg6 49. Qd7+ Kg8 50. Bd5+ Kh8 51. Re1 Qc5+ 52. Kh1 Rf8 53.
Qe6 Qc3 54. Re3 Qc1+ 55. Kg2 Qb2+ 56. Kg3 Qf6 57. Qd7 Qf4+ 58. Kf2 Qh2+ 59. Ke1 b2 60.
Be4 Qg1+ 61. Kd2 Qf2+ 62. Kd3 b1=Q+ 63. Kc3 Qfb2+ 64. Kc4 Qb4+ 65. Kd5 Qb5+ 66. Ke6 Qxd7+ 67. Kxd7 Qd1+ 0-1

[Event "*** Titled Tuesday Blitz"]
[Site "Chess.com"]
[Date "2020.11.10"]
[Round "11"]
[White "jens1102"]
[Black "MrChampion_Coach"]
[Result "0-1"]
[WhiteElo "2378"]
[BlackElo "2509"]
[TimeControl "180+1"]
[EndTime "12:14:23 PST"]
[Termination "MrChampion_Coach won by checkmate"]

1. b3 Nf6 2. Bb2 b6 3. g3 Bb7 4. Nf3 d6 5. Bg2 Nbd7 6. O-O g6 7. d3 Bg7 8. Nbd2 O-O 9. c4 e5 10. e3 Qe7 11. Nb1 Nc5 12. Nc3 e4 13. Ne1 exd3 14. Bxb7 Nxb7 15. Nxd3 c6 16. Qf3 Rac8 17. Rfd1 Rfe8 18.
Nf4 Nc5 19. Nd3 Nfd7 20. Nxc5 Nxc5 21. Rd2 a6 22. Rad1 Red8 23. Ba1 b5 24. cxb5 axb5 25. b4 Bxc3 26. Bxc3 Ne4 27. Rd3 Nxc3 28. Rxc3 c5 29. bxc5 dxc5 30. Rxd8+ Qxd8 31. e4 c4 32. e5 b4 33. Rc1 c3 34. Qe4 Qb6 35. Kg2 Qc6 36.
Qxc6 Rxc6 37. Kf3 Kf8 38. Ke3 Ke7 39. Kd4 g5 40. f4 gxf4 41. gxf4 Rh6 42. Rc2 Rh4 43.
Ke4 Ke6 44. h3 h5 45. Rg2 Rxh3 46. f5+ Ke7 47. Kd5 Rd3+ 48. Kc5 Rd2 49. Rg1 c2 50. Rc1 h4 51. Kxb4 h3 52. Kc3 Re2 53. Rh1 h2 54.
Kb2 Rd2 55. Kc1 Rd1+ 56. Rxd1 cxd1=Q+ 57. Kxd1 h1=Q+ 58. Kd2 Qd5+ 59. Kc3 Qxa2 60. Kd4 Qf2+ 61. Ke4 Qc2+ 62. Kf4 Qc4+ 63. Kg5 Qe4 64. e6 f6+ 65. Kg6 Qg4+ 66. Kh6 Qg5+ 67. Kh7 Kf8 68. Kh8 Qh5# 0-1

[Event "*** Titled Tuesday Blitz"]
[Site "Chess.com"]
[Date "2020.11.10"]
[Round "11"]
[White "Savva09022009"]
[Black "hungrycaterpillar4"]
[Result "0-1"]
[WhiteElo "2442"]
[BlackElo "2622"]
[TimeControl "180+1"]
[EndTime "12:14:36 PST"]
[Termination "hungrycaterpillar4 won on time"]

1. d4 Nf6 2. Nc3 d5 3. Bf4 e6 4. e3 Bb4 5. Bd3 c5 6. dxc5 Nbd7 7. Nf3 Bxc3+ 8. bxc3 Nxc5 9. O-O O-O 10. c4 b6 11.
cxd5 Qxd5 12. Qe2 Nxd3 13. cxd3 Ba6 14. Rfd1 Rfd8 15. Ne1 e5 16. Bg5 Qe6 17. Qb2 h6 18. Bxf6 Qxf6 19. Nf3 Rxd3 20. Rxd3 Bxd3 21. Qxe5 Qxe5 22.
Nxe5 Bf5 23. f3 Rc8 24. e4 Be6 25. a4 g5 26. a5 b5 27. Rb1 a6 28. Nd3 Rc4 29.
Nb4 Bc8 30. Kf2 f5 31. Nd5 fxe4 32. fxe4 Be6 33. Nb4 Rxe4 34. Nxa6 Bc4 35. Nc5 Re2+ 36. Kf3 Ra2 37. a6 Kg7 38. Ke4 Kg6 39. Ke5 g4 40.
Kd6 h5 41. Kc6 b4 42. Kb6 b3 43. a7 b2 44. Kc6 Kf5 45. Rxb2 Rxa7 46. Rf2+ Kg6 47. Kd6 Ra5 48. Ne4 Rd5+ 49. Kc6 Re5 50. Ng3 h4 51. Nf1 Bxf1 52. Rxf1 Re2 53. Rg1 g3 54. hxg3 hxg3 55. Kd5 Kf5 56. Kd4 Kf4 57. Kd3 Rf2 58. Kd4 Rd2+ 59. Kc3 Ke3 60. Re1+ Re2 61. Rh1 Rxg2 62. Rh8 Ra2 63. Re8+ Kf2 64. Rf8+ Kg1 65. Kd3 g2 66. Rg8 Kf1 67. Rf8+ Rf2 0-1

[Event "*** Titled Tuesday Blitz"]
[Site "Chess.com"]
[Date "2020.11.10"]
[Round "11"]
[White "Skat2704"]
[Black "lelya96"]
[Result "1-0"]
[WhiteElo "2404"]
[BlackElo "2233"]
[TimeControl "180+1"]
[EndTime "12:14:37 PST"]
[Termination "Skat2704 won by checkmate"]

1. d4 d5 2. Nf3 Nf6 3. c4 c6 4. Nc3 dxc4 5. a4 Bf5 6. e3 e6 7. Bxc4 Bb4 8. O-O Nbd7 9. Qe2 Bg6 10. Rd1 Qa5 11. Bd2 O-O 12. e4 e5 13. d5 Rad8 14.
dxc6 bxc6 15. Nh4 Qb6 16. Nxg6 hxg6 17. Bg5 Be7 18. Be3 Bc5 19. a5 Qc7 20. Bxc5 Nxc5 21. b4 Nb7 22. Rac1 Qe7 23. Qb2 Nd6 24. Bd3 Qe6 25. f3 Nc4 26. Qe2 Nd6 27. Na4 Qe8 28. Nc5 Nh5 29. g3 f5 30. Bc4+ Kh7 31. Ne6 fxe4 32.
Nxf8+ Qxf8 33. fxe4 Nf6 34. Bd3 Qe7 35. Qg2 Qe6 36.
Rxc6 Rb8 37. Bf1 Nfe8 38. Qh3+ Qxh3 39. Bxh3 Rxb4 40. Rcxd6 Nxd6 41. Rxd6 Ra4 42. Ra6 Rxe4 43. Rxa7 Re1+ 44. Kf2 Ra1 45. Bg2 Ra2+ 46. Kg1 Ra1+ 47. Bf1 e4 48. Kf2 Ra2+ 49. Ke3 Ra1 50. Be2 Ra2 51.
a6 Kh6 52. Ra8 Kh7 53. a7 g5 54. Bc4 Ra3+ 55. Kxe4 Ra4 56. Kd4 Kg6 57. Kc5 Ra5+ 58. Bb5 Ra2 59. Kb6 Kf6 60. Rf8+ Ke5 61. a8=Q Kd4 62. Qxa2 g4 63. Qd2+ Ke4 64. Rf4+ Ke5 65. Qd4+ Ke6 66. Re4+ Kf5 67. Rxg4 g5 68. Qe4+ Kf6 69.
Qc6+ Ke5 70. Rc4 Kf5 71. Qe4+ Kf6 72. Rc6+ Kf7 73. Qe6+ Kg7 74. Rc7+ Kf8 75. Qc8# 1-0

[Event "*** Titled Tuesday Blitz"]
[Site "Chess.com"]
[Date "2020.11.10"]
[Round "11"]
[White "Marianov_Podstavnikov"]
[Black "MasterKroket"]
[Result "0-1"]
[WhiteElo "2266"]
[BlackElo "2438"]
[TimeControl "180+1"]
[EndTime "12:15:05 PST"]
[Termination "MasterKroket won by resignation"]

1. e4 c5 2. Nf3 e6 3. d4 cxd4 4. Nxd4 Nc6 5. Nc3 Qc7 6. g3 a6 7. Bg2 Nf6 8. O-O Nxd4 9. Qxd4 Bc5 10. Bf4 d6 11. Qd2 h6 12. Rad1 e5 13. Be3 Bb4 14. Nb5 axb5 15. Qxb4 O-O 16. Rxd6 Rxa2 17. c3 Be6 18.
Rfd1 Qc4 19. Qxc4 bxc4 20. Rb6 Rb8 21. f4 Bg4 22. fxe5 Nd7 23. Rxd7 Bxd7 24. Bf1 Be6 25. Bc5 Rd8 26. Bd6 Rd7 27. Kf2 f6 28. exf6 gxf6 29. Bf4 Kf7 30. Be2 Ra6 31. Rb4 Kg7 32. Bxc4 Bxc4 33.
Rxc4 b5 34. Rc5 b4 35. cxb4 Rb6 36. e5 Rxb4 37. exf6+ Kxf6 38. Be5+ Kg6 39. Bc3 Rb6 40. Kg2 Rd3 41. h4 Re6 42. h5+ Kf7 43. Rc7+ Ke8 44. Rh7 Ree3 45. Rg7 Re2+ 46. Kh3 Rd5 47. Kg4 Re4+ 48. Kf3 Rc4 49. g4 Rd3+ 50. Ke2 Rg3 51. Rg8+ Kf7 52. Rg7+ Kf8 53. Rg6 Rcxg4 54. Rxh6 Rh3 55.
Rh8+ Kf7 56. h6 Rg2+ 57. Kf1 Rc2 58. Rh7+ Kg6 59. Rg7+ Kxh6 60. Kg1 Rd3 61. Rg2 Rc1+ 62. Kh2 Kh5 63. Re2 Kg4 64. Rg2+ Kh4 65. Re2 Rh3+ 66. Kg2 Rch1 67. Re4+ Kg5 68. Ra4 R1h2+ 69. Kg1 Rc2 70.
Ra8 Kg4 71. Rg8+ Kf5 72. Rf8+ Ke4 73. Re8+ Kd5 74. Rd8+ Ke6 75. Re8+ Kf7 76. Re1 Rd3 77.
Kh1 Kg6 78. Kg1 Kh5 79. Re5+ Kg4 80. Re1 Kf3 81. Rf1+ Kg3 82. Be5+ Kh3 83. Ra1 Rdd2 84. Ra3+ Kg4 85. Ra4+ Kf5 86. Rc4 0-1

[Event "*** Titled Tuesday Blitz"]
[Site "Chess.com"]
[Date "2020.11.10"]
[Round "11"]
[White "GameOverBro"]
[Black "Gabrielian_Artur"]
[Result "0-1"]
[WhiteElo "2521"]
[BlackElo "2758"]
[TimeControl "180+1"]
[EndTime "12:16:16 PST"]
[Termination "Gabrielian_Artur won by resignation"]

1. e4 Nf6 2. d3 d6 3. Nd2 g6 4. g3 Bg7 5. Bg2 O-O 6. Ngf3 c5 7. O-O Nc6 8. Re1 e5 9. a3 h6 10. c3 Be6 11. b4 b6 12. Bb2 Qd7 13. d4 cxd4 14.
cxd4 exd4 15. Nxd4 Nxd4 16. Bxd4 Rac8 17. Qb1 Ng4 18.
Bxg7 Kxg7 19. Qb2+ Kg8 20. Rad1 Qc7 21. h3 Ne5 22.
Nf1 Qc3 23. Qxc3 Rxc3 24. Rxd6 Bxh3 25. f4 Bxg2 26. Kxg2 Ng4 27. a4 Rfc8 28. Re2 Rb3 29. Rd7 Rc1 30. Rxa7 Rxb4 31. e5 Rbb1 32. e6 Rxf1 33.
exf7+ Kg7 34. Rd2 Ne3+ 35. Kh3 Rh1+ 36. Rh2 Rxh2+ 37. Kxh2 Ng4+ 38. Kg2 h5 39. Rb7 Rb2+ 40. Kf3 Ra2 41. Ra7 Nf6 42. Ra6 Kxf7 43. Rxb6 Ra3+ 44. Kg2 Rxa4 45. Rb7+ Ke6 46. Rb6+ Ke7 47. Rb5 Ra2+ 48. Kh3 Ng4 49. Kh4 Kf6 50. Rb6+ Kg7 51. Kg5 Ra5+ 52. Kh4 Nh6 53. Rb7+ Nf7 54. Rb6 Rf5 55. Re6 Rf6 56.
Re7 Ra6 57. Rc7 Kf6 58. g4 hxg4 59. Kxg4 Nh6+ 60. Kh4 Nf5+ 61. Kg4 Rd6 62. Rc3 Nd4 63. Rd3 Rd5 64. Rd1 Ke6 65. Re1+ Kf7 66. Rd1 Rd6 67. Rd3 Nf5 68. Rb3 Kf6 69. Rd3 Re6 70. Rc3 Re3 71.
Rc6+ Kf7 72. Rc7+ Ke6 73. Rc6+ Kf7 74. Rc7+ Ne7 75. Ra7 Re4 76. Rb7 Rc4 77. Ra7 Kf6 78. Ra6+ Nc6 79. Kf3 Kf5 80. Kg3 Rc3+ 81. Kh4 Kxf4 82.
Ra4+ Kf5 83. Ra5+ Kf6 84. Ra4 Ne7 85. Kg4 Rc5 86. Ra6+ Rc6 87. Ra4 Nf5 88. Rf4 Re6 89. Ra4 Rd6 90. Kf3 Rd3+ 91. Kf2 Rd4 92. Ra6+ Kg5 93.
Ra8 Kh5 94. Kf3 g5 95. Rh8+ Nh6 96. Rg8 Rf4+ 97. Kg3 Rf6 98. Rh8 Kg6 99. Rd8 Rb6 100. Rd3 Rb4 101. Kh3 Nf5 102. Rc3 g4+ 103. Kh2 Kg5 104.
Kg2 Rb2+ 105. Kg1 Nh4 106. Rc1 Kf4 107. Kf1 Kg5 108. Rc5+ Nf5 109. Rc1 g3 110. Kg1 Kg4 111. Rc4+ Kh3 112. Rc1 Nh4 113. Rf1 Rg2+ 114. Kh1 Rc2 115. Kg1 Rc3 116. Rd1 Nf3+ 117. Kf1 g2+ 118. Ke2 g1=Q 0-1